 Dungeon Crawl Stone Soup version 0.28-a0-750-g7c675f85b1 (webtiles) character file.

Game seed: 9338076716130036091

8194 ytrimaz the Merchant of Misery (level 11, -3/64 (75) HPs)
             Began as a Demonspawn Necromancer on Oct 29, 2021.
             Was a Believer of Kikubaaqudgha.
             Slain by a flayed ghost (19 damage)
             ... on level 9 of the Dungeon.
             The game lasted 00:17:43 (13603 turns).

ytrimaz the Merchant of Misery (DsNe)              Turns: 13603, Time: 00:17:44

HP:   -3/64 (75)    AC:  8    Str: 10    XL:     11   Next: 6%
MP:   24/24         EV: 12    Int: 25    God:    Kikubaaqudgha [**....]
Gold: 276           SH:  5    Dex: 13    Spells: 21/29 levels left

rFire   + . .      SeeInvis .     - Unarmed
rCold   . . .      Faith    .   (no shield)
rNeg    . . .      Spirit   .   a - +1 robe
rPois   .          Reflect  +   (no helmet)
rElec   .          Harm     .   q - scarf {shadows}
rCorr   .          Rampage  +   (gloves unavailable)
Will    .....                   y - +2 pair of boots {rampage}
Stlth   ++........              s - amulet of reflection
HPRegen 0.20/turn               c - ring of protection from fire
MPRegen 0.19/turn               g - +6 ring of intelligence

@: mighty, flayed, heavily drained
A: claws 3, icy blue scales 1, spiny 2, bedeviling
a: Renounce Religion, Receive Corpses


You were on level 9 of the Dungeon.
You worshipped Kikubaaqudgha.
Kikubaaqudgha was pleased with you.
You visited 2 branches of the dungeon, and saw 10 of its levels.

You collected 448 gold pieces.
You spent 172 gold pieces at shops.

Inventory:

Hand Weapons
 b - the +7 pair of quick blades "Gyre" and "Gimble" {protect}
   (You found it on level 8 of the Dungeon)

   It grants its wielder temporary protection when it strikes (+7 to AC).
Missiles
 w - 2 throwing nets
Armour
 a - a +1 robe (worn)
 q - a scarf of shadows (worn)
 y - a +2 pair of boots of rampaging (worn)
Magical Staves
 j - a staff of fire
 B - a staff of cold
Jewellery
 c - a ring of protection from fire (left claw)
 g - a +6 ring of intelligence (right claw)
 s - an amulet of reflection (around neck)
 A - the ring "Goan" {rC+ MP-9 Dex+6 Stlth+}
   (You found it on level 8 of the Dungeon)

   [ring of protection from cold]

   Dex:       It affects your dexterity (+6).
   rC:        It protects you from cold.
   MP:        It affects your magic capacity (-9).
   Stlth:     It makes you more stealthy.
Wands
 k - a wand of digging (9)
 l - a wand of acid (4)
 n - a wand of iceblast (11)
 v - a wand of paralysis (5)
 z - a wand of charming (21)
Scrolls
 d - a scroll of fear {unknown}
 p - 2 scrolls of enchant weapon
 C - a scroll of enchant armour
Potions
 e - a potion of curing
 f - 4 potions of brilliance
 i - 5 potions of ambrosia
 m - 2 potions of flight {unknown}
 o - a potion of mutation {unknown}
 r - a potion of magic {unknown}
 t - a potion of invisibility {unknown}
 u - a potion of cancellation {unknown}
 x - a potion of attraction {unknown}
 D - a potion of lignification {unknown}
 E - a potion of haste {unknown}


   Skills:
 * Level 3.5 Fighting
 - Level 1.7 Dodging
 - Level 1.7 Stealth
 - Level 1.1 Shields
 * Level 7.6 Unarmed Combat
 * Level 9.9 Spellcasting
 * Level 11.6 Necromancy


You had 21 spell levels left.
You knew the following spells:

 Your Spells              Type           Power      Damage    Failure   Level
a - Pain                  Necr           100%       1d9       1%          1
b - Vampiric Draining     Necr           31%        2d10      1%          3
c - Animate Dead          Necr           31%        N/A       1%          4

Your spell library contained the following spells:

 Spells                   Type           Power      Damage    Failure   Level
 Animate Skeleton         Necr           100%       N/A       1%          1
 Corpse Rot               Necr/Air       82%        N/A       1%          2
 Sublimation of Blood     Necr           31%        N/A       1%          2
 Agony                    Necr           63%        N/A       1%          5
 Excruciating Wounds      Necr           31%        N/A       1%          5
 Inner Flame              Hex/Fire       18%        N/A       16%         3
 Portal Projectile        Hex/Tloc       36%        N/A       16%         3
 Tukima's Dance           Hex            18%        N/A       16%         3
 Cause Fear               Hex            9%         N/A       45%         4
 Passage of Golubria      Tloc           12%        N/A       45%         4
 Blade Hands              Tmut           6%         N/A       80%         5
 Yara's Violent Unravell  Hex/Tmut       9%         3d6       80%         5
 Discord                  Hex            9%         N/A       100%        8


Dungeon Overview and Level Annotations

Branches:
Dungeon (9/15)             Temple (1/1) D:7            Lair (0/6) D:9
    Orc: D:9-12

Altars:
Ashenzari
Cheibriados
Dithmenos
Elyvilon
Fedhas
Gozag
Hepliaklqana
Kikubaaqudgha
Makhleb
Nemelex Xobeh
Okawaru
Qazlal
Ru
Sif Muna
Trog
Uskayaw
Vehumet
Wu Jian
Xom
Yredelemnul
Zin
The Shining One

Shops:
D:6 :   D:7 [

Annotations:
D:8 3 runed translucent doors, Eli's ghost, novice DrCA; Foxy's ghost, novice DrTm; lawman0's ghost, novice BaSu; ytrimaz's ghost, novice MiBe


Innate Abilities, Weirdness & Mutations

You have claws for hands.
You are partially covered in icy blue scales. (AC +2)
You are mostly covered in sharp spines.
Your hexes are more powerful.


Message History

Things that are here:
a +2 dagger of freezing; a +0 robe; an orc corpse Key pressed, stopping explore.
There is an open door here.
There is an open door here.
There is an open door here.
You see here 19 arrows.
There is a sacrificial altar of Ru here.
As you open the door, it creaks loudly!
There is an open door here.
Could not explore, unopened runed door.
Aiming: Paralyse
Press: ? - help, Shift-Dir - straight line, f - flayed ghost
Aim: a flayed ghost (wandering, hasn't noticed you, fire blocked by a runed translucent door, chance to affect: 15%) There's something in the way.
Okay, then.
Unknown command.
Press: ? - help, v - describe, . - travel, g - get item Item here: a knobbly jewelled staff.
The floor.
Unknown command.
As you open the door, it creaks loudly!
Press: ? - help, v - describe, . - travel
Here: a flayed ghost An open translucent door.
You feel very mighty all of a sudden.
The flayed ghost stares at you with tortured malice.
Terrible wounds open up all over your body!
You mangle the flayed ghost!!
The flayed ghost is moderately damaged.
The flayed ghost hits you!
You barely miss the flayed ghost. You claw the flayed ghost!
The flayed ghost is heavily damaged.
The flayed ghost hits you!!
* * * LOW HITPOINT WARNING * * *
You scratch the flayed ghost.
The flayed ghost is heavily damaged.
The flayed ghost hits you!!
You die...
Kikubaaqudgha rasps: "You have failed me!
Welcome... death!"

######...'#..###'###..#'...#####
##...##.##..###.(.###..##.##...##
#.....###..##.......##..###.....#
#.._...'....+..._...'....'...⌠..#
#.....###..##.......##..###.....#
##...##.##..###...###..##.##...##
#####...'#..###'###..#'...#####
#...###.........###._.#
#...###'##8@8##'###...#
##.###...##W##...###.##
####.....#.#.._..####
##...##.##...###########
#####[=|######......... ###
#.######## #.#..#.^.. #.#..#.###
#.#..#.#


You could see a flayed ghost.

Vanquished Creatures
  3 two-headed ogres
  A komodo dragon (D:9)
  A queen bee (D:9)
  A troll (D:7)
  Grinder (D:6)
  Sigmund (D:2)
  4 shadows (D:9)
  A spriggan (D:8)
  A wraith (D:9)
  A fire bat (D:9)
  Eustachio (D:6)
  Edmund (D:5)
  Menkaure (D:5)
  A water moccasin (D:7)
  An ice beast (D:8)
  A black bear (D:5)
  3 orc warriors
  A necrophage (D:5)
  An ogre (D:6)
  2 centaurs
  A phantom (D:6)
  A kobold brigand (D:9)
  Blork the orc (D:5)
  2 bullfrogs
  3 scorpions
  A water moccasin skeleton (D:5)
  28 killer bees (D:9)
  9 wights
  A centaur zombie (D:5)
  3 hounds
  2 jellies
  6 orc priests
  A bullfrog skeleton (D:5)
  A gnoll shaman (D:9)
  3 iguanas
  6 orc wizards
  Terence (D:2)
  A scorpion zombie (D:5)
  A hound zombie (D:5)
  Robin (D:2)
  5 gnolls (D:9)
  4 adders
  A shadow imp (D:4)
  2 white imps
  An adder skeleton (D:4)
  A worm (D:3)
  A dart slug (D:5)
  19 orcs
  6 endoplasms
  2 giant cockroaches (D:2)
  5 hobgoblins
  5 jackals (D:2)
  16 kobolds
  3 quokkas
  4 ball pythons
  18 bats
  3 frilled lizards
  17 goblins
  8 rats
222 creatures vanquished.

Vanquished Creatures (collateral kills)
  A water moccasin zombie (D:5)
  An orc (D:6)
2 creatures vanquished.

Vanquished Creatures (others)
  2 plants (D:9)
  A withered plant (D:8)
3 creatures vanquished.

Grand Total: 227 creatures vanquished

Notes
Turn   | Place    | Note
-------+----------+-------------------------------------------
     0 | D:1      | ytrimaz the Demonspawn Necromancer began the quest for the
                  | Orb.
     0 | D:1      | Reached XP level 1. HP: 13/13 MP: 3/3
   546 | D:1      | Gained mutation: You are partially covered in icy blue
                  | scales. (AC +2) [demonic ancestry]
   546 | D:1      | Reached XP level 2. HP: 15/19 MP: 0/5
   658 | D:1      | Reached skill level 5 in Necromancy
  1272 | D:1      | Gained mutation: You have sharp fingernails. [demonic
                  | ancestry]
  1272 | D:1      | Reached XP level 3. HP: 23/24 MP: 4/6
  1502 | D:2      | Noticed Terence
  1508 | D:2      | Killed Terence
  1782 | D:2      | Noticed Robin
  2049 | D:1      | Learned a level 3 spell: Vampiric Draining
  2052 | D:2      | Reached XP level 4. HP: 27/30 MP: 6/8
  2057 | D:2      | Killed Robin
  2448 | D:2      | Noticed Sigmund
  2479 | D:2      | Killed Sigmund
  2480 | D:2      | Reached skill level 1 in Unarmed Combat
  2480 | D:2      | Reached skill level 6 in Necromancy
  2480 | D:2      | Gained mutation: You are partially covered in sharp spines.
                  | [demonic ancestry]
  2480 | D:2      | Reached XP level 5. HP: 8/35 MP: 1/11
  2526 | D:2      | Gained mutation: You have very sharp fingernails. [demonic
                  | ancestry]
  2526 | D:2      | Reached XP level 6. HP: 10/41 MP: 8/12
  3445 | D:3      | Learned a level 4 spell: Animate Dead
  4653 | D:5      | Entered Level 5 of the Dungeon
  4653 | D:5      | Noticed Blork the orc
  4659 | D:5      | Killed Blork the orc
  4669 | D:5      | Reached skill level 5 in Spellcasting
  4669 | D:5      | Reached skill level 7 in Necromancy
  4669 | D:5      | Gained mutation: You are mostly covered in sharp spines.
                  | [demonic ancestry]
  4669 | D:5      | Reached XP level 7. HP: 5/46 MP: 5/14
  5332 | D:5      | Noticed Menkaure
  5343 | D:5      | Killed Menkaure
  5394 | D:5      | Noticed Edmund
  5409 | D:5      | Killed Edmund
  5410 | D:5      | Reached XP level 8. HP: 52/52 MP: 3/16
  5564 | D:5      | Reached skill level 8 in Necromancy
  5977 | D:6      | Noticed Eustachio
  6118 | D:6      | Noticed Grinder
  6139 | D:6      | Killed Grinder
  6355 | D:6      | Paralysed by Eustachio for 3 turns
  6521 | D:6      | Killed Eustachio
  6733 | D:6      | Reached skill level 9 in Necromancy
  6853 | D:6      | Found Pogeipua's Book Shop.
  7200 | D:7      | Gained mutation: You have claws for hands. [demonic
                  | ancestry]
  7200 | D:7      | Reached XP level 9. HP: 57/57 MP: 19/19
  7266 | D:7      | Noticed a troll
  7273 | D:7      | Killed a troll
  7274 | D:7      | Reached skill level 1 in Shields
  8206 | D:7      | Found a staircase to the Ecumenical Temple.
  8239 | Temple   | Entered the Ecumenical Temple
  8353 | Temple   | Became a worshipper of Kikubaaqudgha
  8445 | D:7      | Found Vetihoho's Antique Armour Boutique.
  8454 | D:7      | Bought a pair of runed boots for 172 gold pieces
  8494 | D:7      | Reached skill level 5 in Unarmed Combat
  9357 | D:8      | Identified the ring "Goan" {rC+ MP-9 Dex+6 Stlth+}
  9701 | D:8      | Reached skill level 1 in Fighting
  9780 | D:8      | Noticed a two-headed ogre
  9780 | D:8      | Noticed a two-headed ogre
  9789 | D:8      | Killed a two-headed ogre
  9790 | D:8      | Reached skill level 10 in Necromancy
  9800 | D:8      | Killed a two-headed ogre
  9801 | D:8      | Gained mutation: Your hexes are more powerful. [demonic
                  | ancestry]
  9801 | D:8      | Reached XP level 10. HP: 43/67 MP: 22/22
 10194 | D:8      | Found the +7 pair of quick blades "Gyre" and "Gimble"
                  | {protect}
 10243 | D:8      | Found a runed translucent gate.
 10243 | D:8      | Found a runed translucent gate.
 10243 | D:8      | Found a runed translucent gate.
 10244 | D:8      | Noticed ytrimaz's ghost (novice MiBe)
 10245 | D:8      | Noticed Eli's ghost (novice DrCA)
 10263 | D:8      | Noticed lawman0's ghost (novice BaSu)
 10263 | D:8      | Noticed Foxy's ghost (novice DrTm)
 10328 | D:8      | Found a shadowy altar of Dithmenos.
 10676 | D:9      | Found a staircase to the Lair.
 10899 | D:9      | Noticed a two-headed ogre
 10904 | D:9      | Killed a two-headed ogre
 11306 | D:9      | Reached * piety under Kikubaaqudgha
 11306 | D:9      | Received a gift from Kikubaaqudgha
 11335 | D:9      | Reached skill level 11 in Necromancy
 12151 | D:9      | Found a sacrificial altar of Ru.
 12166 | D:9      | Found a blossoming altar of Fedhas.
 12177 | D:9      | Reached ** piety under Kikubaaqudgha
 12249 | D:9      | Found a runed translucent door.
 12254 | D:9      | Found a radiant altar of Vehumet.
 12261 | D:9      | Noticed a flayed ghost
 12574 | D:9      | Reached XP level 11. HP: 64/75 MP: 24/24
 12647 | D:9      | Found a stormy altar of Qazlal.
 13603 | D:9      | Slain by a flayed ghost

Illustrated notes

Levels and vault maps discovered:
D:1:      ncdulo_halloftheorcs, layout_rooms
D:2:      layout_basic, uniq_sigmund, uniq_robin, uniq_terence
D:3:      layout_loops_ring, minmay_misc_feat_chi, grunt_decor_cap
D:4:      layout_basic, minmay_puff
D:5:      layout_basic, chequers_serial_rivers_micro_b, uniq_blork_the_orc,
          uniq_edmund, uniq_menkaure
D:6:      layout_cave_pools, serial_shops, nicolae_shop_crystal,
          minmay_crystal_water, uniq_grinder, uniq_eustachio
D:7:      layout_loops_ring, minmay_temple_entry_sparse_star, serial_shops,
          nicolae_lakefront_shop, minmay_misc_feat_x
D:8:      layout_rooms, nicolae_dithmenos_through_a_glass_darkly,
          gammafunk_ghost_cemetery, hellmonk_guarded_unrand_gyre_and_gimble
D:9:      due_megacathedral, layout_basic, david_lair_shrubbed, special_room
          [special_room_bee], minivault_22
Temple:   compressed_dpeg_circular_temple

Skill      XL: |  1  2  3  4  5  6  7  8  9 10 |
---------------+-------------------------------+-----
Necromancy     | 5 6 7 9 10 11 | 11.6
Spellcasting   | 4 5 7 8 9 |  9.9
Unarmed Combat | 1 2 3 4 6 7 |  7.6
Shields        | 1 |  1.1
Fighting       | 2 3 |  3.5
Dodging        | |  1.7
Stealth        | |  1.7

Action                   |  1- 3 |  4- 6 |  7- 9 | 10-12 || total
-------------------------+-------+-------+-------+-------++-------
Melee: Unarmed           |     9 |    81 |   195 |   126 ||   411
       Punch             |       |       |     4 |     4 ||     8
 Cast: Pain              |    62 |    55 |    11 |    21 ||   149
       Vampiric Draining |       |     1 |    18 |    22 ||    41
       Animate Dead      |       |     1 |     2 |     2 ||     5
Invok: Receive Corpses   |       |       |       |     1 ||     1
  Use: Scroll            |     2 |     6 |     2 |       ||    10
       Potion            |       |     2 |     3 |     3 ||     8
 Stab: Sleeping          |       |     4 |     2 |     3 ||     9
Armor: Robe              |    17 |    28 |    62 |    46 ||   153
Dodge: Dodged            |    28 |    54 |   112 |    68 ||   262
Block: Other             |       |       |    37 |    39 ||    76
       Reflection        |       |       |     2 |       ||     2

Table legend: (Time is in decaauts)
 A = Elapsed time spent in this place.
 B = Non-inter-level travel time spent in this place.
 C = Inter-level travel time spent in this place.
 D = Time resting spent in this place.
 E = Time spent auto-exploring this place.
 F = Levels seen in this place.
 G = Mean time per level.
                   A        B        C        D        E       F      G
               +--------+--------+--------+--------+--------+-----+--------+
         Total |  13600 |  13161 |    439 |   4681 |   6552 |  10 | 1360.0 |
       Dungeon |  13471 |  13045 |    426 |   4681 |   6471 |   9 | 1496.8 |
        Temple |    128 |    115 |     13 |      0 |     81 |   1 |  128.0 |
               +--------+--------+--------+--------+--------+-----+--------+

Top non-repeatable levels by time:
     D:9: 3019 daAuts
     D:1: 1682 daAuts
     D:8: 1654 daAuts
     D:7: 1610 daAuts
     D:5: 1426 daAuts
     D:2: 1381 daAuts
     D:6: 1099 daAuts
     D:4: 952 daAuts
     D:3: 644 daAuts
  Temple: 128 daAuts
